 Dungeon Crawl Stone Soup version 0.17.0-56-gd8de76c (webtiles) character file.

148 PossumBlood the Magician (level 5, 0/28 HPs)
             Began as a Deep Elf Wizard on Dec 5, 2015.
             Slain by a giant gecko (3 damage)
             ... on level 4 of the Dungeon.
             The game lasted 00:10:21 (3845 turns).

PossumBlood the Magician (Deep Elf Wizard)          Turns: 3845, Time: 00:10:21

Health: 0/28       AC:  3    Str:  4    XL:     5   Next: 8%
Magic:  2/15       EV: 12    Int: 24    God:
Gold:   145        SH:  0    Dex: 13    Spells: 4 memorised, 8 levels left

rFire  . . .     SeeInvis .     s - +0 dagger (venom)
rCold  . . .     Clarity  .     a - +0 robe
rNeg   . . .     SustAt   .     (no shield)
rPois  .         Gourm    .     b - +1 hat
rElec  .         Spirit   .     (no cloak)
rCorr  .         Warding  .     (no gloves)
rMut   .         Stasis   .     (no boots)
MR     .....                    (no amulet)
Stlth  ++........               (no ring)
                                (no ring)

@: very slightly contaminated, not resistant to hostile enchantments, unstealthy
A: no striking features
a: no special abilities


You were on level 4 of the Dungeon.
You were not hungry.

You visited 1 branch of the dungeon, and saw 4 of its levels.

You collected 145 gold pieces.

Inventory:

Hand Weapons
 s - a +0 dagger of venom (weapon)
Armour
 a - a +0 robe (worn)
 b - a +1 hat (worn)
Scrolls
 d - a scroll of enchant armour
 e - a scroll of remove curse
 i - 5 scrolls of identify
 j - 3 scrolls of recharging
 l - a scroll of amnesia {unknown}
 r - a scroll of random uselessness {unknown}
Potions
 f - 2 potions of curing {unknown}
 g - a potion of poison {unknown}
 k - 2 potions of brilliance {unknown}
 m - a potion of heal wounds
 o - a potion of mutation {unknown}
 t - a potion of cure mutation {unknown}
 u - a potion of resistance {unknown}
Books
 c - a book of Minor Magic

   Spells                             Type                      Level
   a - Magic Dart                     Conjuration                  1
   b - Blink                          Translocation                2
   c - Call Imp                       Summoning                    2
   d - Repel Missiles                 Charms/Air                   2
   e - Slow                           Hexes                        2
   f - Conjure Flame                  Conjuration/Fire             3
   g - Mephitic Cloud                 Conjuration/Poison/Air       3
Comestibles
 n - a slice of pizza
 p - a beef jerky
 q - a meat ration


   Skills:
 - Level 2.4 Dodging
 - Level 2.4 Stealth
 + Level 6.4 Spellcasting
 + Level 3.7 Conjurations
   Level 1.1 Summonings
 - Level 1.1 Translocations


You had 8 spell levels left.
You knew the following spells:

 Your Spells              Type           Power        Failure   Level  Hunger
a - Magic Dart            Conj           ####         1%          1    None
b - Blink                 Tloc           N/A          10%         2    None
c - Slow                  Hex            #.......     12%         2    None
d - Mephitic Cloud        Conj/Pois/Air  ##......     17%         3    None


Dungeon Overview and Level Annotations

Branches:
Dungeon (4/15)
 Temple: D:4-7

Altars:

Annotations:
D:4 seesque's ghost, amateur MiBe


Message History

As you read the scroll labeled CUNAVE ZANITSY, it crumbles to dust.
You feel blessed for a moment.
It was a scroll of remove curse.
Seesque's ghost hits you.
Read which item? (? for menu, Esc to quit)
As you read the scroll labeled HEANLOEKKE, it crumbles to dust.
It is a scroll of identify.
Identify which item? (\ to view known items) (? for menu, Esc to quit)
j - 3 scrolls of recharging Seesque's ghost misses you.
Read which item? (? for menu, Esc to quit)
As you read the scroll labeled ABRILL YNAESM, it crumbles to dust.
You feel strangely unstable.
It was a scroll of teleportation.
Seesque's ghost hits you!
* * * LOW HITPOINT WARNING * * *
Your surroundings suddenly seem different.
A giant gecko comes into view.
Casting: Blink
Confirm with . or Enter, or press ? or * to list all spells.
You blink.
The giant gecko bites you.
You die...

...... ##
.##### . # #.
#######...
#.. #......#
#.. #.ยง....#
.... #......#
.....
#......#.####
.###.
#...l@.......
.
#......######
#......#
#......#
########


You could see a giant gecko.

Vanquished Creatures
  Robin (D:2)
  5 adders (D:2)
  5 worms
  2 giant geckos
  An orc (D:3)
  5 bats
  3 giant cockroaches
  18 goblins
  12 hobgoblins
  6 jackals
  A quokka (D:3)
  A ball python (D:3)
  5 giant newts
  7 kobolds
  9 rats
81 creatures vanquished.

Notes
Turn   | Place    | Note
--------------------------------------------------------------
     0 | D:1      | PossumBlood the Deep Elf Wizard began the quest for the Orb.
     0 | D:1      | Reached XP level 1. HP: 10/10 MP: 7/7
   235 | D:1      | Reached XP level 2. HP: 6/15 MP: 0/9
   463 | D:1      | Reached skill level 5 in Spellcasting
  1129 | D:1      | Reached XP level 3. HP: 19/19 MP: 6/11
  1798 | D:2      | Reached XP level 4. HP: 24/24 MP: 7/13
  1903 | D:2      | Reached skill level 6 in Spellcasting
  2362 | D:2      | Noticed Robin
  2383 | D:2      | Killed Robin
  2704 | D:2      | Learned a level 2 spell: Blink
  2707 | D:2      | Learned a level 2 spell: Slow
  2711 | D:2      | Learned a level 3 spell: Mephitic Cloud
  3032 | D:3      | Reached XP level 5. HP: 28/28 MP: 11/15
  3816 | D:4      | Noticed seesque's ghost (amateur MiBe)
  3838 | D:4      | HP: 1/28 [seesque's ghost (9)]
  3845 | D:4      | Slain by a giant gecko

Action                   |  1- 3 |  4- 6 || total
-------------------------+-------+-------++-------
Melee: Unarmed           |     8 |       ||     8
       Dagger            |       |     7 ||     7
 Cast: Magic Dart        |    99 |    95 ||   194
       Blink             |       |     3 ||     3
       Slow              |       |     2 ||     2
       Mephitic Cloud    |       |     1 ||     1
  Use: Scroll            |       |     4 ||     4
       Potion            |       |     1 ||     1
  Eat: Bread ration      |     1 |     1 ||     2
       Royal jelly       |       |     1 ||     1
